 Dungeon Crawl Stone Soup version 0.30-a0-475-g03497ec522 (webtiles) character file.

Game seed: 6979090430495530211

133 PyroL the Grasshopper (level 4, -1/36 HPs)
             Began as a Draconian Warper on Dec 21, 2022.
             Slain by a hound (4 damage)
             ... on level 5 of the Dungeon.
             The game lasted 00:07:02 (2642 turns).

PyroL the Grasshopper (Draconian Warper)            Turns: 2642, Time: 00:07:03

Health: -1/36      AC:  5    Str: 13    XL:     4   Next: 93%
Magic:  9/9        EV: 12    Int: 15    God:
Gold:   175        SH:  0    Dex: 11    Spells: 8/10 levels left

rFire   . . .      SeeInvis .    a - +0 mace
rCold   . . .      Faith    .    (no shield)
rNeg    . . .      Spirit   .    (body armour unavailable)
rPois   .          Reflect  .    (helmet restricted)
rElec   .          Harm     .    (no cloak)
rCorr   .          Rampage  .    (no gloves)
Will    .....                    (no boots)
Stlth   +.........               (no amulet)
HPRegen 0.26/turn                (no ring)
MPRegen 0.11/turn                (no ring)

@: no status effects
A: AC +5, unfitting armour, cold-blooded
a: no special abilities


You were on level 5 of the Dungeon.
You visited 1 branch of the dungeon, and saw 5 of its levels.

You collected 175 gold pieces.

Inventory:

Hand Weapons
 a - a +0 mace (weapon)
Missiles
 c - 7 boomerangs of dispersal (quivered)
Wands
 n - a wand of flame (21)
Scrolls
 b - 2 scrolls of blinking
 d - a scroll of butterflies {unknown}
 e - a scroll of amnesia
 i - a scroll of fear {unknown}
 j - a scroll of fog {unknown}
 k - a scroll of enchant armour {unknown}
 o - a scroll of identify {unknown}
 p - a scroll of torment {unknown}
Potions
 g - 4 potions of curing
 l - a potion of attraction {unknown}
 m - a potion of ambrosia {unknown}
 q - a potion of magic {unknown}


   Skills:
 - Level 2.2 Fighting
 - Level 2.0 Maces & Flails
 - Level 0.8 Throwing
 - Level 2.1 Dodging
 + Level 3.6 Spellcasting
 + Level 4.5 Translocations


You had 8 spell levels left.
You knew the following spells:

 Your Spells              Type           Power      Damage    Failure   Level
a - Blink                 Tloc           32%        N/A       4%          2

Your spell library contained the following spells:

 Spells                   Type           Power      Damage    Failure   Level
 Lesser Beckoning         Tloc           32%        N/A       9%          3
 Teleport Other           Tloc           16%        N/A       9%          3
 Vhi's Electric Charge    Tloc/Air       18%        N/A       22%         3
 Manifold Assault         Tloc           16%        N/A       28%         4
 Ignite Poison            Fire/Tmut/Pois 2%         N/A       50%         3
 Sticky Flame             Conj/Fire      2%         2d3       88%         4
 Ignition                 Fire           1%         3d3       100%        8


Dungeon Overview and Level Annotations

Branches:
Dungeon (5/15)
 Temple: D:4-7

Altars:
Hepliaklqana
Qazlal
Zin

Shops:
D:1 *=

Annotations:
D:2 1 runed translucent door, Crazy Yiuf


Innate Abilities, Weirdness & Mutations

Your plain brown scales are hard. (AC +5)
You cannot fit into any form of body armour.
You are cold-blooded and may be slowed by cold attacks.


Message History

* * * LOW HITPOINT WARNING * * *
The adder attacks as you move away! The adder barely misses you.
The hound attacks as you move away! The hound bites you.
* * * LOW HITPOINT WARNING * * *
The hound attacks as you move away! The hound misses you.
The hound barely misses you. The adder closely misses you.
The hound attacks as you move away! The hound bites you.
* * * LOW HITPOINT WARNING * * *
The hound bites you but does no damage. The hound attacks as you move away!
The hound bites you but does no damage. The hound misses you.
The hound bites you.
* * * LOW HITPOINT WARNING * * *
The hound closely misses you.
You hear the slow hiss of an avalanche of sand nearby.
The hound barely misses you. The adder attacks as you move away!
The adder misses you. The hound bites you.
* * * LOW HITPOINT WARNING * * *
There is a stone staircase leading down here.
You start to feel less resistant.
Magic restored.
The hound bites you but does no damage.
You climb downwards.
There is a stone staircase leading up here.
You sock the hound!
The hound is heavily wounded.
The hound misses you. The hound closely misses you.
You miss the hound. Your punch misses the hound.
The hound is heavily wounded.
The hound barely misses you. The hound bites you but does no damage.
You closely miss the hound.
The hound is moderately wounded.
The hound misses you. The hound barely misses you.
You hit the hound but do no damage.
The hound is moderately wounded.
Your resistance to elements expires.
The hound bites you.
* * * LOW HITPOINT WARNING * * *
The hound bites you.
You die...

# ...
######....#
#..@h......
#.#.#######
# #.. ####


You could see a hound.

Vanquished Creatures
  5 adders
  A worm (D:2)
  2 dart slugs (D:1)
  2 orcs (D:3)
  11 endoplasms
  A giant cockroach (D:1)
  7 goblins
  6 hobgoblins
  7 jackals
  4 quokkas
  5 ball pythons
  5 bats
  A frilled lizard (D:1)
  8 kobolds
  3 rats
68 creatures vanquished.

Notes
Turn   | Place    | Note
-------+----------+-------------------------------------------
     0 | D:1      | PyroL the Draconian Warper began the quest for the Orb.
     0 | D:1      | Reached XP level 1. HP: 17/17 MP: 3/3
   148 | D:1      | Found Ybopuciu's General Store.
   175 | D:1      | Reached XP level 2. HP: 23/24 MP: 5/5
   191 | D:1      | Learned a level 2 spell: Blink
   236 | D:1      | Found a faded altar of an unknown god.
   512 | D:1      | Found Qeisaux's Jewellery Shop.
   610 | D:1      | Reached XP level 3. HP: 23/29 MP: 7/7
  1072 | D:2      | Found a runed translucent door.
  1073 | D:2      | Noticed Crazy Yiuf
  1200 | D:2      | Reached skill level 4 in Translocations
  1292 | D:2      | Reached XP level 4. HP: 33/36 MP: 8/8
  1365 | D:2      | Found a stormy altar of Qazlal.
  1828 | D:3      | Noticed an ogre
  1997 | D:3      | Found a hazy altar of Hepliaklqana.
  2005 | D:3      | Found a glowing silver altar of Zin.
  2550 | D:4      | Noticed an ogre
  2558 | D:4      | Noticed a scorpion
  2608 | D:4      | HP: 1/36 [poisoned by a scorpion]
  2638 | D:5      | Entered Level 5 of the Dungeon
  2642 | D:5      | Slain by a hound

Illustrated notes

Levels and vault maps discovered:
D:1:      matt_arrival_grand_opening, layout_basic, serial_shops,
          nicolae_shop_behind_doors, shop, ebering_ecumenical_altar_ruins
D:2:      layout_rooms, basic_altar, uniq_crazy_yiuf_cottage
D:3:      layout_basic, mainiacjoe_overflow_large_starburst,
          grunt_ministairs_10, nrook_loot_triangle,
          chequers_serial_rivers_small_a, minmay_misc_feat_five
D:4:      layout_rooms, enter_ossuary_3, corexii_hall_statues_l,
          minmay_distorted, uniq_edmund
D:5:      layout_basic

Skill      XL: |  1  2  3 |
---------------+----------+-----
Spellcasting   | 3 |  3.6
Translocations | 4 |  4.5
Fighting       | |  2.2
Maces & Flails | |  2.0
Throwing       | |  0.8
Dodging        | |  2.1

Action                   |  1- 3 |  4- 6 || total
-------------------------+-------+-------++-------
Melee: Mace              |   122 |   102 ||   224
       Tailslap          |    16 |     8 ||    24
 Cast: Blink             |       |     4 ||     4
  Use: Potion            |       |     5 ||     5
       Scroll            |       |     2 ||     2
 Stab: Sleeping          |       |     1 ||     1
Armor: Skin              |    54 |    68 ||   122
Dodge: Dodged            |   109 |   122 ||   231

Table legend: (Time is in decaauts)
 A = Elapsed time spent in this place.
 B = Non-inter-level travel time spent in this place.
 C = Inter-level travel time spent in this place.
 D = Time resting spent in this place.
 E = Time spent auto-exploring this place.
 F = Levels seen in this place.
 G = Mean time per level.
                   A        B        C        D        E       F      G
               +--------+--------+--------+--------+--------+-----+--------+
         Total |   2712 |   2629 |     83 |     76 |   1779 |   5 |  542.4 |
       Dungeon |   2712 |   2629 |     83 |     76 |   1779 |   5 |  542.4 |
               +--------+--------+--------+--------+--------+-----+--------+

Top non-repeatable levels by time:
     D:1: 1005 daAuts
     D:3: 909 daAuts
     D:2: 638 daAuts
     D:4: 154 daAuts
     D:5: 4 daAuts
